 Dungeon Crawl Stone Soup version 0.22-a0-480-g991dd4b (webtiles) character file.

216 Darkshadow the Chopper (level 5, -10/47 HPs)
             Began as a Hill Orc Fighter on June 16, 2018.
             Engulfed by a cloud of flame (26 damage)
             ... on level 4 of the Dungeon.
             The game lasted 00:13:54 (3427 turns).

Darkshadow the Chopper (Hill Orc Fighter)           Turns: 3427, Time: 00:13:55

Health: -10/47     AC:  9    Str: 19    XL:     5   Next: 93%
Magic:  5/5        EV:  7    Int:  9    God:
Gold:   75         SH:  9    Dex: 10    Spells: 4/4 levels left

rFire    . . .     SeeInvis .   a - +0 war axe
rCold    . . .     Gourm    .   c - +0 shield
rNeg     . . .     Faith    .   b - +1 scale mail
rPois    .         Spirit   .   (no helmet)
rElec    .         Reflect  .   (no cloak)
rCorr    .         Harm     .   (no gloves)
MR       .....                  e - +0 pair of boots
Stlth    ..........             (no amulet)
HPRegen  0.15/turn              (no ring)
MPRegen  0.09/turn              (no ring)

@: no status effects
A: no striking features
a: no special abilities


You were on level 4 of the Dungeon.
You were not hungry.

You visited 1 branch of the dungeon, and saw 4 of its levels.

You collected 75 gold pieces.

Inventory:

Hand Weapons
 a - a +0 war axe (weapon)
 i - a cursed -3 hunting sling
 t - a +0 hand axe
Missiles
 h - 68 stones (quivered)
 m - 36 sling bullets
 n - 2 needles of sleeping
Armour
 b - a +1 scale mail (worn)
 c - a +0 shield (worn)
 e - a +0 pair of boots (worn)
Jewellery
 o - an uncursed amulet of the acrobat {unknown}
Wands
 u - a wand of polymorph (14)
Scrolls
 g - 2 scrolls of teleportation
 j - a scroll of identify {@r1}
 q - a scroll of remove curse {@r2}
 s - 2 scrolls of enchant armour
Potions
 d - 2 potions of might
 k - a potion of lignification {unknown}
 l - 2 potions of haste
 p - a potion of curing {unknown}
 v - a potion of degeneration {unknown}
Comestibles
 f - 8 rations


   Skills:
 + Level 4.7 Fighting
 * Level 5.3 Axes
 + Level 4.3 Armour
 + Level 4.2 Shields


You had 4 spell levels left.
You didn't know any spells.
Your spell library was empty.

Dungeon Overview and Level Annotations

Branches:
Dungeon (4/15)             Temple (0/1) D:4

Altars:
Ru


Message History

As you read the scroll labeled WONKEE CILURIR, it crumbles to dust.
You feel as if something is helping you.
It was a scroll of remove curse.
As you read the scroll labeled FACAZU POCWE, it crumbles to dust.
It is a scroll of enchant armour.
Your +0 scale mail glows green for a moment.
Okay, then.
As you read the scroll labeled NAOTYR HUEBREMO, it crumbles to dust.
The creatures around you are filled with an inner flame!
It was a scroll of immolation.
The adder barely misses you.
You miss the adder. The adder barely misses you.
You miss the adder.
The adder bites you but does no damage. x2
You slash the adder!
The adder explodes!
The fiery explosion engulfs you!
Ouch! That really hurt!
You hear the slow rusting of a distant drain.
You are engulfed in blazing flames.
Ouch! That really hurt!
You die...

...........#
........>..#
...........#
#.........#
#.........#
##....[..##
#..b...§..#
##....§.@..#
...........#
.......>...#
##..<......#
##.......##
##...%.##
#######


There were no monsters in sight!

Vanquished Creatures
  Natasha (thrice) (D:3)
  6 adders
  An ooze (D:3)
  3 worms
  2 dart slugs (D:1)
  2 leopard geckos
  6 orcs (D:3)
  3 giant cockroaches
  8 goblins
  10 hobgoblins
  8 kobolds
  2 quokkas
  A ball python (D:2)
  5 bats
  A frilled lizard (D:1)
  5 rats
  A fungus (D:3)
67 creatures vanquished.

Notes
Turn   | Place    | Note
-------+----------+-------------------------------------------
     0 | D:1      | Darkshadow the Hill Orc Fighter began the quest for the Orb.
     0 | D:1      | Reached XP level 1. HP: 19/19 MP: 1/1
   214 | D:1      | Reached skill level 3 in Axes
   277 | D:1      | Reached XP level 2. HP: 27/27 MP: 2/2
  1063 | D:2      | Reached XP level 3. HP: 33/33 MP: 3/3
  1477 | D:2      | Found a faded altar of an unknown god.
  1611 | D:2      | Reached skill level 4 in Axes
  1670 | D:2      | Reached XP level 4. HP: 8/40 MP: 4/4
  2165 | D:3      | Noticed Natasha
  2176 | D:3      | Killed Natasha
  2352 | D:3      | Reached XP level 5. HP: 41/47 MP: 5/5
  2428 | D:3      | Noticed Natasha
  2439 | D:3      | Killed Natasha
  2462 | D:3      | Reached skill level 5 in Axes
  2901 | D:3      | Noticed Natasha
  2918 | D:3      | Killed Natasha
  3195 | D:3      | Found a sacrificial altar of Ru.
  3414 | D:4      | Found a staircase to the Ecumenical Temple.
  3427 | D:4      | Engulfed by a cloud of flame

Vault maps used:
D:1:      nzn_arrival_water_spiral
D:2:      chequers_ecumenical_altar_island, minmay_pentomino_v2
D:3:      nicolae_ru_the_path_less_chosen, uniq_natasha
D:4:      minmay_temple_entry_butterflies, first_ration,
          lightli_sewer_entry_pipes

Skill      XL: |  1  2  3  4  5 |
---------------+----------------+-----
Axes           | 3 4 5 |  5.3
Fighting       | 4 |  4.7
Armour         | 4 |  4.3
Shields        | 4 |  4.2

Action                   |  1- 3 |  4- 6 || total
-------------------------+-------+-------++-------
Melee: War axe           |   123 |   127 ||   250
Throw: Stone             |       |     1 ||     1
  Use: Scroll            |       |     5 ||     5
  Eat: Chunk             |     2 |     6 ||     8
Armor: Scale mail        |    53 |    47 ||   100
Dodge: Dodged            |    33 |    25 ||    58
Block: Shield            |    66 |    47 ||   113

Table legend:
 A = Spawn XP
 B = Non-spawn XP
 C = Spawn XP percentage of total XP
 D = Spawn monster count
 E = Non-spawn monster count
 F = Spawn count percentage of total count
 G = Total turns spent on level
                    A         B        C        D         E        F      G
               +---------+---------+-------+---------+---------+-------+---------
         Total |       0 |     309 |   0.0 |       0 |      66 |   0.0 |  3427
               +---------+---------+-------+---------+---------+-------+---------
           D:1 |       0 |      35 |   0.0 |       0 |      18 |   0.0 |  1059
           D:2 |       0 |      60 |   0.0 |       0 |      18 |   0.0 |  1058
           D:3 |       0 |     201 |   0.0 |       0 |      29 |   0.0 |  1294
           D:4 |       0 |      13 |   0.0 |       0 |       1 |   0.0 |    16
               +---------+---------+-------+---------+---------+-------+---------
